 Dungeon Crawl Stone Soup version 0.27-a0-506-g2188dfaaa0 (webtiles) character file.

Game seed: 14286767202827475524

723 Morbidden the Slasher (level 7, 0/55 HPs)
             Began as a Demonspawn Fighter on Mar 3, 2021.
             Slain by an orc warrior
             ... wielding a +0 mace
              (11 damage)
             ... on level 7 of the Dungeon.
             The game lasted 00:05:55 (5561 turns).

Morbidden the Slasher (Demonspawn Fighter)          Turns: 5561, Time: 00:05:55

Health: 0/55       AC:  9    Str: 16    XL:     7   Next: 43%
Magic:  7/7        EV:  3    Int: 11    God:
Gold:   180        SH: 13    Dex: 13    Spells: 6/6 levels left

rFire    . . .     SeeInvis +   a - +0 long sword
rCold    . . .     Faith    .   m - +0 tower shield
rNeg     . . .     Spirit   .   n - +0 chain mail
rPois    .         Reflect  .   (no helmet)
rElec    .         Harm     .   u - scarf {+Inv}
rCorr    .         Rampage  .   (no gloves)
Will     .....                  (no boots)
Stlth    ..........             p - amulet of regeneration
HPRegen  1.18/turn              h - ring of see invisible
MPRegen  0.10/turn              (no ring)

@: no status effects
A: foul stench 1
a: Evoke Invisibility


You were on level 7 of the Dungeon.
You visited 2 branches of the dungeon, and saw 7 of its levels.

You collected 180 gold pieces.

Inventory:

Hand Weapons
 a - a +0 long sword (weapon)
Missiles
 v - 9 boomerangs (quivered)
Armour
 m - a +0 tower shield (worn)
 n - a +0 chain mail (worn)
 u - a scarf of invisibility (worn)
Jewellery
 c - a ring of ice
 h - a ring of see invisible (left hand)
 p - an amulet of regeneration (around neck)
Wands
 w - a wand of paralysis (11)
Scrolls
 g - 8 scrolls of identify {unknown}
 j - 3 scrolls of fear {unknown}
 k - 5 scrolls of teleportation {unknown}
 o - a scroll of fog {unknown}
 q - a scroll of noise {unknown}
 r - 2 scrolls of amnesia {unknown}
 s - a scroll of magic mapping {unknown}
Potions
 b - a potion of flight {unknown}
 d - a potion of might
 e - a potion of magic {unknown}
 f - 2 potions of attraction {unknown}
 i - 3 potions of curing {unknown}
 l - 2 potions of heal wounds {unknown}
 t - a potion of brilliance {unknown}
 x - a potion of degeneration {unknown}
 z - a potion of mutation {unknown}


   Skills:
 * Level 4.3 Fighting
 * Level 4.7 Long Blades
 + Level 3.9 Armour
 * Level 2.9 Dodging
 + Level 3.8 Shields
 * Level 0.9 Evocations


You had 6 spell levels left.
You didn't know any spells.
Your spell library was empty.

Dungeon Overview and Level Annotations

Branches:
Dungeon (5/15)             Temple (1/1) D:5

Altars:
Dithmenos
Elyvilon
Fedhas
Gozag
Hepliaklqana
Kikubaaqudgha
Makhleb
Nemelex Xobeh
Okawaru
Qazlal
Ru
Sif Muna
Trog
Uskayaw
Vehumet
Xom
Yredelemnul
Zin
The Shining One

Shops:
D:5 *


Innate Abilities, Weirdness & Mutations

You may rarely emit foul miasma when damaged in melee.


Message History

The orc wizard flickers and vanishes for a moment.
You block the orc warrior's attack.
You barely miss the orc warrior.
The orc warrior is lightly wounded.
The orc warrior hits you but does no damage.
You closely miss the orc warrior.
The orc warrior is lightly wounded.
The orc warrior hits you with a +0 mace.
You closely miss the orc warrior.
The orc warrior is lightly wounded.
The orc warrior hits you with a +0 mace.
You block the orc warrior's attack.
You closely miss the orc warrior.
The orc warrior is lightly wounded.
The orc warrior hits you with a +0 mace!
The orc barely misses you.
You closely miss the orc.
The orc is severely wounded.
The orc warrior hits you but does no damage.
The orc hits you with a +0 flail!
You are too injured to fight recklessly!
Unknown command.
You closely miss the orc.
The orc is severely wounded.
The orc warrior hits you but does no damage.
You block the orc's attack.
The orc warrior hits you with a +0 mace!
Aiming: Paralyse
Press: ? - help, Shift-Dir - straight line, f - orc warrior
Aim: an orc warrior, wielding a +0 mace and wearing a +0 chain mail (lightly wounded, chance to affect: 49%)
The orc warrior resists with some effort.
The orc hits you but does no damage.
The orc warrior hits you with a +0 mace!
* * * LOW HITPOINT WARNING * * *
Unknown command.
Your shield prevents you from hitting the orc warrior.
The orc warrior is lightly wounded.
The orc hits you but does no damage.
The orc warrior hits you with a +0 mace!
You die...

##########
.....oo@.##
###.#.##o.###
#.........#
##.######.#
#.#≈≈§≈#.#
#.#≈>.≈#.#
#.#≈_8≈#.#
#.#§≈≈≈#.#
#.##''##.#


You could see an orc warrior, an orc wizard (invisible) and an orc.

Vanquished Creatures
  A sky beast (D:5)
  2 phantoms (D:4)
  A howler monkey (D:4)
  A bullfrog skeleton (D:5)
  2 hounds
  An orc wizard (D:5)
  3 worker ants
  4 gnolls (D:4)
  A howler monkey skeleton (D:4)
  5 adders
  A white imp (D:5)
  An ufetubus (D:5)
  2 oozes
  An adder skeleton (D:5)
  8 worms
  2 dart slugs
  4 leopard geckos
  14 orcs
  10 bats
  A giant cockroach (D:3)
  8 hobgoblins
  4 jackals (D:3)
  2 quokkas
  4 ball pythons
  5 frilled lizards
  13 goblins
  5 kobolds
  A leopard gecko zombie (D:5)
  14 rats
121 creatures vanquished.

Notes
Turn   | Place    | Note
-------+----------+-------------------------------------------
     0 | D:1      | Morbidden the Demonspawn Fighter began the quest for the
                  | Orb.
     0 | D:1      | Reached XP level 1. HP: 18/18 MP: 1/1
   345 | D:1      | Gained mutation: You may rarely emit foul miasma when
                  | damaged in melee. [demonic ancestry]
   345 | D:1      | Reached XP level 2. HP: 24/24 MP: 2/2
   644 | D:1      | Reached XP level 3. HP: 29/29 MP: 3/3
  1896 | D:2      | Reached skill level 1 in Dodging
  2193 | D:2      | Reached XP level 4. HP: 24/35 MP: 4/4
  3602 | D:3      | Reached XP level 5. HP: 41/41 MP: 5/5
  4034 | D:4      | Noticed a phantom
  4036 | D:4      | Noticed a phantom
  4069 | D:4      | Killed a phantom
  4070 | D:4      | Reached XP level 6. HP: 45/48 MP: 6/6
  4146 | D:4      | Found a hazy altar of Hepliaklqana.
  4151 | D:4      | Found a glowing silver altar of Zin.
  4655 | D:4      | Found a burning altar of Makhleb.
  5008 | D:5      | Entered Level 5 of the Dungeon
  5034 | D:5      | Reached XP level 7. HP: 54/54 MP: 7/7
  5154 | D:5      | Noticed a fire elemental
  5203 | D:5      | Found a stormy altar of Qazlal.
  5206 | D:5      | Noticed an air elemental
  5206 | D:5      | Noticed a water elemental
  5253 | D:5      | Found a staircase to the Ecumenical Temple.
  5285 | D:5      | Found a shimmering altar of Xom.
  5320 | Temple   | Entered the Ecumenical Temple
  5523 | D:5      | Found Xodal's General Store.
  5525 | D:5      | You fall into a shaft and drop 2 floors!
  5532 | D:7      | Found a basalt altar of Yredelemnul.
  5561 | D:7      | Slain by an orc warrior

Illustrated notes

Levels and vault maps discovered:
D:1:      ncdulo_halloftheorcs, layout_loops_cross
D:2:      layout_basic
D:3:      layout_basic, minmay_door_square, grunt_decor_fettered
D:4:      layout_basic, lemuel_coloured_pillars_altar,
          grunt_temple_overflow_open
D:5:      minmay_diamond_boxcup, layout_rooms, pdpol_wu_jian_five_deadly_venoms,
          marbit_many_paths, minmay_temple_entry_glassed_door, serial_shops,
          nicolae_shop_trees, serial_undead, serial_undead_d, serial_undead_e,
          serial_undead_c, serial_undead_c, serial_undead_f, serial_undead_e,
          nicolae_qazlal_style_of_elements
D:7:      layout_loops_cross, cheibrodos_worm_habitat, evilmike_ruin_ashenzari,
          general_overflow_altar, hangedman_abyss_or_decor_stabs
Temple:   zaba_magenta_temple

Skill      XL: |  1  2  3  4  5  6 |
---------------+-------------------+-----
Long Blades    | 2 3 4 |  4.7
Dodging        | 1 2 |  2.9
Shields        | 3 |  3.8
Armour         | 3 |  3.9
Fighting       | 4 |  4.3
Evocations     | |  0.9

Action                   |  1- 3 |  4- 6 |  7- 9 || total
-------------------------+-------+-------+-------++-------
Melee: Long sword        |   172 |   253 |   105 ||   530
Evoke: Wand              |       |       |     1 ||     1
Armor: Scale mail        |   107 |    28 |       ||   135
       Chain mail        |       |   118 |    69 ||   187
Dodge: Dodged            |    87 |    50 |    18 ||   155
Block: Kite shield       |   109 |     8 |       ||   117
       Tower shield      |       |   213 |    95 ||   308
       Rpst.: Long sword |    28 |    12 |     2 ||    42

Table legend: (Time is in decaauts)
 A = Elapsed time spent in this place.
 B = Non-inter-level travel time spent in this place.
 C = Inter-level travel time spent in this place.
 D = Time resting spent in this place.
 E = Time spent auto-exploring this place.
 F = Levels seen in this place.
 G = Mean time per level.
                   A        B        C        D        E       F      G
               +--------+--------+--------+--------+--------+-----+--------+
         Total |   5884 |   5712 |    172 |      0 |   4360 |   7 |  840.6 |
       Dungeon |   5810 |   5656 |    154 |      0 |   4306 |   6 |  968.3 |
        Temple |     73 |     55 |     18 |      0 |     54 |   1 |   73.0 |
               +--------+--------+--------+--------+--------+-----+--------+

Top non-repeatable levels by time:
     D:2: 1532 daAuts
     D:3: 1359 daAuts
     D:1: 1249 daAuts
     D:4: 1119 daAuts
     D:5: 506 daAuts
  Temple: 73 daAuts
     D:7: 42 daAuts
